 Dungeon Crawl Stone Soup version 0.24-a0-333-g864f2b5d03 (webtiles) character file.

Game seed: 12049971401297438818

94 HAL9000 the Sneak (level 4, -5/23 HPs)
             Began as a Vine Stalker Assassin on May 17, 2019.
             Was an Initiate of Dithmenos.
             Slain by a wyvern zombie (9 damage)
             ... on level 3 of the Dungeon.
             The game lasted 00:03:13 (2552 turns).

HAL9000 the Sneak (Vine Stalker Assassin)           Turns: 2552, Time: 00:03:14

Health: -5/23      AC:  3    Str: 14    XL:     4   Next: 63%
Magic:  0/5        EV: 11    Int: 11    God:    Dithmenos [......]
Gold:   92         SH:  0    Dex: 16    Spells: 3/3 levels left

rFire    . . .     SeeInvis .   r - +2 dagger (venom)
rCold    . . .     Gourm    .   (no shield)
rNeg     + . .     Faith    .   b - +0 robe
rPois    .         Spirit   +   (no helmet)
rElec    .         Reflect  .   c - +0 cloak
rCorr    .         Harm     +   (no gloves)
MR       .....                  (no boots)
Stlth    +++.......             g - amulet of harm
HPRegen  0.47/turn              u - ring of positive energy
MPRegen  0.09/turn              (no ring)

@: no status effects
A: fangs 2, regeneration 1, magic shield, antimagic bite, no potion heal 3, rot
immunity
a: Renounce Religion


You were on level 3 of the Dungeon.
You worshipped Dithmenos.
Dithmenos was noncommittal.
You were not hungry.

You visited 1 branch of the dungeon, and saw 3 of its levels.

You collected 92 gold pieces.

Inventory:

Hand Weapons
 r - a +2 dagger of venom (weapon)
Missiles
 d - 33 poisoned darts (quivered)
 e - 2 curare-tipped darts
 l - a throwing net
 m - 7 silver javelins
Armour
 b - a +0 robe (worn)
 c - a +0 cloak (worn)
Jewellery
 g - an amulet of harm (around neck)
 u - a ring of positive energy (left hand)
Scrolls
 h - 2 scrolls of amnesia {unknown}
 i - 3 scrolls of teleportation {unknown}
 n - a scroll of enchant armour {unknown}
 o - 4 scrolls of enchant weapon {unknown}
 p - 2 scrolls of identify {unknown}
 q - 4 scrolls of fog {unknown}
 x - a scroll of noise {unknown}
Potions
 a - a potion of resistance {unknown}
 j - a potion of magic {unknown}
 k - 3 potions of lignification {unknown}
 s - 2 potions of agility {unknown}
 v - a potion of might {unknown}
 w - 2 potions of curing {unknown}
Comestibles
 f - 5 rations
 t - 3 chunks of flesh


   Skills:
 - Level 1.7 Fighting
 + Level 4.3 Short Blades
 - Level 1.7 Throwing
 - Level 0.7 Dodging
 - Level 4.8 Stealth


You had 3 spell levels left.
You didn't know any spells.
Your spell library was empty.

Dungeon Overview and Level Annotations

Branches:
Dungeon (3/15)

Altars:
Dithmenos
Qazlal


Innate Abilities, Weirdness & Mutations

You have extremely sharp teeth.
Your natural rate of healing is unusually fast.
When hurt, damage is shared between your health and your magic reserves.
Your bite disrupts and absorbs the magic of your enemies.
Potions cannot restore your health.
You are immune to rotting.


Message History

The wyvern zombie closely misses you.
You hit the wyvern zombie.
You bite the wyvern zombie, but do no damage.
The wyvern zombie is heavily damaged.
The wyvern zombie closely misses you. The rat bites you.
* * * LOW HITPOINT WARNING * * *
Unknown command.
Okay, then.
You aren't carrying any items that you can evoke.
Unknown command.
Unknown command.
You hit the wyvern zombie.
The wyvern zombie is severely damaged.
The wyvern zombie bites you but does no damage.
The rat barely misses you.
You hit the wyvern zombie but do no damage.
You bite the wyvern zombie. You drain its power.
You feel invigorated.
The wyvern zombie is severely damaged.
The wyvern zombie bites you!
You die...

######.##..####
### #.
#.##..... ##
#.##...## #
#.##...# #
#......# #
####..## #..#
#.†######### #
#..@Z....... #.
##..r.......
#.. ###########
##


You could see a wyvern zombie and a rat.

Vanquished Creatures
  2 adders (D:3)
  3 worms
  4 leopard geckos
  An orc (D:3)
  7 giant cockroaches
  A hobgoblin (D:2)
  8 jackals (D:1)
  2 quokkas
  2 ball pythons (D:1)
  4 bats
  7 frilled lizards
  8 goblins
  6 kobolds
  7 rats
62 creatures vanquished.

Notes
Turn   | Place    | Note
-------+----------+-------------------------------------------
     0 | D:1      | HAL9000 the Vine Stalker Assassin began the quest for the
                  | Orb.
     0 | D:1      | Reached XP level 1. HP: 11/11 MP: 2/2
   113 | D:1      | Reached XP level 2. HP: 11/15 MP: 3/3
   681 | D:1      | Reached XP level 3. HP: 14/18 MP: 4/4
  1481 | D:2      | Found a stormy altar of Qazlal.
  1848 | D:2      | Found a shadowy altar of Dithmenos.
  1856 | D:2      | Became a worshipper of Dithmenos the Shadowed
  2208 | D:3      | Gained mutation: Your natural rate of healing is unusually
                  | fast. [Vine Stalker growth]
  2208 | D:3      | Reached XP level 4. HP: 23/23 MP: 5/5
  2552 | D:3      | Slain by a wyvern zombie

Levels and vault maps discovered:
D:1:      mrwooster_arrival_statue, layout_rooms
D:2:      layout_basic, nicolae_dithmenos_through_a_glass_darkly, serial_curves,
          eino_curves_03, eino_curves_02, eino_curves_04,
          grunt_decor_one_mirror, grunt_qazlal_sundering
D:3:      layout_loops_ring, trog_butcher_becter

Skill      XL: |  1  2  3  4 |
---------------+-------------+-----
Short Blades   | 2 3 4 |  4.3
Fighting       | |  1.7
Throwing       | |  1.7
Dodging        | |  0.7
Stealth        | |  4.8

Action                   |  1- 3 |  4- 6 || total
-------------------------+-------+-------++-------
Melee: Dagger            |   128 |    53 ||   181
       Bite              |    22 |    16 ||    38
 Stab: Sleeping          |     9 |     4 ||    13
  Eat: Chunk             |     3 |     2 ||     5
Armor: Robe              |    31 |     2 ||    33
Dodge: Dodged            |    56 |    28 ||    84

Table legend:
 A = Non-vault XP
 B = Vault XP
 C = Vault XP percentage of total XP
 D = Non-vault monster count
 E = Vault monster count
 F = Vault count percentage of total count
                 A         B        C        D         E       F
            +---------+---------+-------+---------+---------+-------
      Total |     135 |       0 |   0.0 |      62 |       0 |   0.0
            +---------+---------+-------+---------+---------+-------
        D:1 |      48 |       0 |   0.0 |      30 |       0 |   0.0
        D:2 |      29 |       0 |   0.0 |      15 |       0 |   0.0
        D:3 |      58 |       0 |   0.0 |      17 |       0 |   0.0
            +---------+---------+-------+---------+---------+-------
